Map: 2000 атмосфер РВ

Players

Doll - Winner!

  • Race: Terran Terran

ИИ 1 (эксперт)

  • Race: Protoss Protoss

VOD

Have the link to the VOD?

Description

Time

  • Played on: July 15, 2021, 4:11 p.m.
  • Length: 13:20
Show
View Real Time Build Order
Export as new Build Order

Doll Terran - Winner!

Build Orders:  

Get SALT Encoding   

  12  0:00  SCV  
  13  0:12  SCV  
  14  0:19  Supply Depot  
  14  0:25  SCV  
  15  0:42  SCV, Barracks  
  16  0:52  Barracks  
  16  0:55  SCV  
  17  1:02  Refinery  
  17  1:07  SCV  
  18  1:14  Supply Depot  
  18  1:19  SCV  
  19  1:29  Marine  
  19  1:32  SCV  
  21  1:39  Marine  
  22  1:44  Orbital Command  
  22  1:47  Marine  
  23  1:57  Marine  
  24  2:05  Barracks  
  24  2:06  Barracks Tech Lab  
  24  2:10  SCV  
  24  2:14  Supply Depot  
  25  2:16  Marine  
  26  2:24  Stimpack  
  26  2:26  Marauder  
  26  2:28  SCV  
  29  2:35  Barracks Tech Lab  
  29  2:41  SCV  
  30  2:44  Engineering Bay  
  30  2:48  Marauder  
  32  2:53  Marauder  
  32  2:54  Marine  
  35  3:00  Supply Depot  
  35  3:02  SCV  
  36  3:08  Concussive Shells  
  36  3:11  Marine  
  37  3:13  Marine  
  37  3:16  Marine  
  39  3:21  Refinery  
  39  3:23  SCV  
  40  3:37  Barracks Tech Lab  
  40  3:45  Command Center  
  40  3:46  SCV  
  41  3:51  Marine  
  41  3:52  Combat Shield  
  42  3:55  Marine  
  42  3:57  Marine  
  42  4:00  SCV  
  45  4:12  SCV  
  45  4:15  Factory  
  46  4:18  Marauder  
  46  4:22  Supply Depot  
  37  4:30  Marauder  
  37  4:31  Marauder  
  37  4:33  SCV  
  38  4:42  Marauder  
  40  4:46  SCV  
  40  4:52  Terran Infantry Armor Level 1  
  41  4:53  Barracks, Marine  
  41  4:56  Marine  
  41  4:58  SCV  
  41  4:59  Factory Tech Lab  
  44  5:07  Orbital Command  
  44  5:14  Marine  
  44  5:16  Marine  
  44  5:18  Bunker, Marine  
  44  5:20  SCV  
  48  5:32  Starport  
  48  5:33  Siege Tank  
  51  5:36  SCV  
  51  5:37  SCV  
  51  5:41  Marauder  
  55  5:46  Barracks Tech Lab  
  55  5:48  Marauder, Marine  
  55  5:49  SCV  
  59  5:53  SCV  
  60  6:00  Engineering Bay  
  60  6:02  Missile Turret  
  60  6:03  Marauder  
  62  6:07  Supply Depot  
  62  6:09  Marine  
  62  6:10  Marine  
  64  6:11  Marine  
  64  6:13  Medivac  
  64  6:17  SCV, Hellion  
  70  6:22  Supply Depot  
  70  6:34  Marauder, Marine x3  
  70  6:36  SCV x2  
  70  6:37  Starport  
  77  6:46  Starport Tech Lab, Supply Depot  
  77  6:48  SCV  
  77  6:54  Marauder x2  
  82  6:55  Marauder, Marine  
  82  6:57  SCV  
  86  7:02  Supply Depot  
  86  7:07  Refinery  
  86  7:08  Refinery  
  86  7:10  Medivac  
  86  7:13  Marine  
  86  7:15  SCV x2  
  91  7:16  Marauder  
  91  7:21  Supply Depot  
  93  7:31  Marine x2, Hellion  
  93  7:32  Marine  
  93  7:33  Command Center  
  93  7:35  Terran Infantry Weapons Level 1  
  93  7:36  Starport Tech Lab  
  98  7:40  Marauder  
  100  7:45  Supply Depot  
  100  7:52  Marine x2  
  100  7:53  Marine  
  100  7:56  Siege Tank  
  106  8:04  Barracks  
  106  8:06  SCV x2, Marine  
  106  8:07  Ghost Academy  
  109  8:18  Marauder  
  109  8:19  Marine  
  112  8:20  Factory  
  112  8:22  Marauder  
  112  8:24  SCV  
  112  8:25  SCV  
  116  8:32  Supply Depot  
  116  8:34  Supply Depot  
  116  8:41  Supply Depot  
  118  8:43  Personal Cloaking  
  118  8:45  Marine  
  118  8:46  Marine  
  120  8:50  Medivac  
  120  8:53  Marauder, Barracks Tech Lab  
  124  8:56  SCV  
  124  8:57  SCV  
  125  9:05  Unknown  
Show
View Real Time Build Order
Export as new Build Order

ИИ 1 (эксперт) Protoss 

Build Orders: Zealot Archon 

Get SALT Encoding   

  12  0:00  Probe  
  13  0:13  Probe  
  14  0:19  Pylon  
  14  0:25  Probe  
  15  0:33  Probe  
  15  0:41  Probe  
  16  0:47  Assimilator  
  17  0:50  Gateway  
  17  0:51  Probe  
  18  1:00  Probe, Pylon  
  19  1:08  Probe  
  19  1:18  Probe  
  21  1:35  Gateway  
  21  1:37  Probe  
  21  1:38  Zealot  
  21  1:39  Cybernetics Core  
  24  1:48  Pylon  
  24  1:49  Probe  
  25  1:57  Zealot  
  25  2:02  Assimilator  
  25  2:08  Probe  
  28  2:18  Warp Gate  
  28  2:20  Probe  
  28  2:22  Adept x2  
  33  2:34  Robotics Facility  
  33  2:35  Probe  
  34  2:48  Adept  
  34  2:52  Adept  
  34  2:57  Probe, Pylon  
  39  3:12  Adept  
  41  3:22  Immortal, Sentry  
  47  3:29  Pylon  
  47  3:46  Stalker  
  47  3:48  Stalker  
  51  3:49  Pylon  
  51  4:04  Immortal  
  55  4:13  Pylon  
  55  4:22  Twilight Council  
  49  4:25  Adept  
  51  4:45  Zealot  
  53  4:59  Zealot  
  55  5:02  Templar Archives  
  55  5:22  Zealot  
  55  5:25  Gateway  
  57  5:28  Nexus  
  57  5:39  High Templar  
  59  5:52  High Templar  
  61  6:05  Archon, Forge  
  61  6:10  Pylon  
  61  6:11  Stalker  
  63  6:29  High Templar  
  65  6:36  Forge  
  65  6:41  Probe x2  
  67  6:49  Assimilator  
  67  6:51  Assimilator  
  67  6:53  Probe  
  68  6:54  Probe  
  68  6:57  High Templar  
  71  7:05  Probe  
  71  7:06  Probe, Stalker  
  75  7:14  Observer  
  75  7:17  Probe  
  75  7:18  Probe  
  75  7:20  Archon  
  75  7:21  Nexus  
  78  7:29  Probe  
  79  7:30  Probe  
  79  7:33  Pylon  
  79  7:34  High Templar  
  82  7:41  Probe  
  82  7:42  Probe  
  84  7:47  High Templar  
  86  7:53  Probe, Stalker  
  86  7:55  Probe  
  86  7:56  Pylon  
  90  7:59  Stalker  
  90  8:01  Archon  
  92  8:06  Probe  
  92  8:07  Probe  
  94  8:16  High Templar  
  94  8:18  Probe x2  
  98  8:21  Pylon  
  98  8:26  High Templar  
  100  8:30  Probe, Stalker  
  100  8:32  Gateway  
  100  8:33  Probe  
  104  8:34  Probe  
  104  8:39  Probe  
  104  8:41  Assimilator  
  105  8:45  Probe  
  105  8:47  Probe  
  105  8:48  Zealot  
  110  8:50  Stalker  
  110  8:51  Probe, Sentry  
  115  8:58  Probe  
  116  9:03  Probe  
  116  9:05  Probe  
  116  9:06  Pylon  
  116  9:07  Zealot  
  116  9:08  Zealot  
  96  9:10  Probe  
  96  9:11  Sentry  
  96  9:15  Probe  
  90  9:17  Probe  
  90  9:22  Probe  
  92  9:27  Probe, Stalker, Zealot  
  92  9:28  Adept  
  92  9:31  Probe  
  99  9:33  Adept  
  99  9:34  Probe, Archon  
  103  9:39  Probe x2  
  102  9:46  Probe  
  102  9:47  Probe, High Templar, Zealot  
  102  9:48  Probe  
  102  9:49  Sentry  
  102  9:50  Sentry  
  93  9:55  Probe  
  83  10:04  Adept  
  71  10:11  Zealot  
  71  10:12  High Templar  
  70  10:15  Probe  
  70  10:19  Stalker  
  72  10:26  Zealot  
  72  10:27  Probe, Archon  
  69  10:32  Zealot  
  41  10:42  High Templar  
  41  10:45  High Templar  
  41  10:46  Zealot  
  41  10:47  Stalker  
Tags
 
Add a new tag
Caveats
  • Supply blocks, unpowered buildings, or Contaminate may cause inaccurate times.
  • Supply counts are checked every 10 seconds.